 Dungeon Crawl Stone Soup version 0.26.1-11-gd32895ea62 (webtiles) character file.

Game seed: 4020649569874519937

349 robloxmaster the Skirmisher (level 6, -2/56 HPs)
             Began as a Hill Orc Fighter on May 21, 2021.
             Slain by a sky beast (6 damage)
             ... on level 4 of the Dungeon.
             The game lasted 00:03:43 (3128 turns).

robloxmaster the Skirmisher (Hill Orc Fighter)      Turns: 3128, Time: 00:03:45

Health: -2/56      AC:  8    Str: 21    XL:     6   Next: 60%
Magic:  6/6        EV:  7    Int:  8    God:
Gold:   115        SH:  9    Dex: 10    Spells: 5/5 levels left

rFire    . . .     SeeInvis .   a - +0 war axe
rCold    . . .     Faith    .   c - +0 kite shield
rNeg     . . .     Spirit   .   b - +0 scale mail
rPois    .         Reflect  .   i - +0 helmet
rElec    .         Harm     .   (no cloak)
rCorr    .         Rampage  .   (no gloves)
Will     .....                  (no boots)
Stlth    ..........             (no amulet)
HPRegen  0.18/turn              (no ring)
MPRegen  0.10/turn              (no ring)

@: no status effects
A: no striking features
a: no special abilities


You were on level 4 of the Dungeon.
You visited 1 branch of the dungeon, and saw 4 of its levels.

You collected 115 gold pieces.

Inventory:

Hand Weapons
 a - a +0 war axe (weapon)
Armour
 b - a +0 scale mail (worn)
 c - a +0 kite shield (worn)
 i - a +0 helmet (worn)
Jewellery
 e - a cursed ring of teleportation {unknown}
 o - a cursed ring of wizardry {unknown}
Scrolls
 d - a scroll of amnesia {unknown}
 g - 4 scrolls of identify
 j - a scroll of fear {unknown}
Potions
 f - a potion of heal wounds
 h - a potion of flight {unknown}
 k - 4 potions of curing
 m - a potion of haste {unknown}
 n - a potion of degeneration {unknown}


   Skills:
 + Level 5.3 Fighting
 + Level 5.0 Axes
 + Level 4.8 Armour
 + Level 4.8 Shields


You had 5 spell levels left.
You didn't know any spells.
Your spell library was empty.

Dungeon Overview and Level Annotations

Branches:
Dungeon (4/15)
 Temple: D:4-7

Altars:
Trog

Shops:
D:4 =


Message History

You closely miss the sky beast.
The sky beast is severely wounded.
You block the sky beast's attack.
The sky beast hits you but does no damage.
You closely miss the sky beast.
The sky beast is severely wounded.
The sky beast hits you but does no damage.
Your shield and scale mail prevent you from hitting the sky beast.
The sky beast is severely wounded.
The sky beast flickers out of sight!
Deactivating autopickup; reactivate with Ctrl-A.
Something hits you but does no damage.
You barely miss something. Something hits you.
* * * LOW HITPOINT WARNING * * *
Something shocks you.
* * * LOW HITPOINT WARNING * * *
Something hits you.
* * * LOW HITPOINT WARNING * * *
Something shocks you.
You die...

#.### ### #....##..
#......##
#.......##
#.$...... #.....<.
#.....B# #. #{# #.
#@# .. #.#########
. #.......... #.
###..#...#
#.##..#...#.[
##...#...#...#
###..#...#...#...
###..#...#...#...#.
#..#...#...#...#..


You could see a worker ant.

Vanquished Creatures
  A howler monkey (D:4)
  2 orc priests
  2 orc wizards (D:3)
  A centaur skeleton (D:4)
  5 adders
  3 gnolls
  4 worms (D:2)
  A leopard gecko (D:3)
  4 orcs (D:3)
  16 bats
  A giant cockroach (D:2)
  7 goblins
  8 hobgoblins
  13 jackals
  3 kobolds
  A quokka (D:3)
  4 frilled lizards (D:1)
  11 rats
87 creatures vanquished.

Notes
Turn   | Place    | Note
-------+----------+-------------------------------------------
     0 | D:1      | robloxmaster the Hill Orc Fighter began the quest for the
                  | Orb.
     0 | D:1      | Reached XP level 1. HP: 19/19 MP: 1/1
   251 | D:1      | Reached XP level 2. HP: 27/27 MP: 2/2
   332 | D:1      | You fall into a shaft and drop 1 floor!
   339 | D:2      | Reached XP level 3. HP: 25/33 MP: 3/3
   629 | D:2      | Found a bloodstained altar of Trog.
   932 | D:1      | You fall into a shaft and drop 1 floor!
  1194 | D:1      | Reached XP level 4. HP: 40/40 MP: 4/4
  1734 | D:3      | Reached XP level 5. HP: 25/47 MP: 5/5
  2252 | D:3      | Reached skill level 5 in Fighting
  2556 | D:3      | Reached XP level 6. HP: 54/56 MP: 6/6
  2784 | D:4      | Found Fuca's Jewellery Emporium.
  2991 | D:4      | Reached skill level 5 in Axes
  3108 | D:4      | Noticed a sky beast
  3128 | D:4      | Slain by a sky beast

Illustrated notes

Levels and vault maps discovered:
D:1:      dpeg_arrival_pond, layout_basic
D:2:      layout_rooms, nicolae_overflow_crystal_walls
D:3:      layout_basic
D:4:      layout_loops_ring, zin_purify, xom_butterflies,
          chequers_serial_rivers_micro_d, hex_large,
          minmay_shop_enchanted_jewellery

Skill      XL: |  1  2  3  4  5  6 |
---------------+-------------------+-----
Axes           | 3 4 5 |  5.0
Fighting       | 4 5 |  5.3
Armour         | 4 |  4.8
Shields        | 4 |  4.8

Action                   |  1- 3 |  4- 6 || total
-------------------------+-------+-------++-------
Melee: War axe           |    96 |   154 ||   250
  Use: Potion            |     1 |     2 ||     3
       Scroll            |       |     2 ||     2
 Stab: Invisible         |       |     7 ||     7
Armor: Scale mail        |    47 |    90 ||   137
Dodge: Dodged            |    27 |    71 ||    98
Block: Kite shield       |    59 |   116 ||   175
